 Dungeon Sprint DCSS version 0.26-a0-1213-gd52f5182fe (webtiles) character file.

Game seed: 3983823013330486049

638 rocky1 the Reanimator (level 7, 0/52 HPs)
             Began as a Demonspawn Necromancer on Dec 31, 2020.
             Was a High Priest of Sif Muna.
             Slain by a molten gargoyle
             ... wielding a cursed -3 morningstar
              (10 damage)
             ... while paralysed
             ... in the Dungeon (Sprint VII: "The Pits").
             The game lasted 00:07:22 (1138 turns).

rocky1 the Reanimator (Demonspawn Necromancer)      Turns: 1138, Time: 00:07:23

Health: 0/52       AC:  6    Str:  8    XL:     7   Next: 25%
Magic:  15/15      EV:  2    Int: 19    God:    Sif Muna [*****.]
Gold:   0          SH:  0    Dex: 13    Spells: 3/17 levels left

rFire    . . .     SeeInvis .   m - +0 mace (vorpal)
rCold    . . .     Faith    .   (no shield)
rNeg     . . .     Spirit   .   a - +0 robe
rPois    .         Reflect  .   (no helmet)
rElec    .         Harm     .   (no cloak)
rCorr    .         Rampage  .   (no gloves)
Will     .....     NoTele   +   (no boots)
Stlth    ++........             (no amulet)
HPRegen  0.17/turn              (no ring)
MPRegen  0.14/turn              (no ring)

@: paralysed, berserk cooldown, very slightly contaminated, slowed, invisible
A: talons 1, iridescent scales 2, powered by death 2
a: Renounce Religion, Channel Magic, Forget Spell, Divine Exegesis


You were in the Dungeon.
You worshipped Sif Muna.
Sif Muna was extremely pleased with you.
You visited 1 branch

Inventory:

Hand Weapons
 m - a +0 vorpal mace (weapon)
Armour
 a - a +0 robe (worn)
Scrolls
 h - a scroll of blinking
 i - 3 scrolls of remove curse
 j - 5 scrolls of amnesia
 k - a scroll of summoning
Potions
 b - a potion of invisibility
 c - 3 potions of heal wounds
 d - 5 potions of curing
 e - a potion of haste
 f - 2 potions of magic


   Skills:
 + Level 3.0 Fighting
 + Level 2.6 Maces & Flails
 + Level 3.4 Dodging
 - Level 1.7 Stealth
 + Level 5.5 Spellcasting
 + Level 13.6 Necromancy
 + Level 7.2 Invocations


You had 3 spell levels left.
You knew the following spells:

 Your Spells              Type           Power        Failure   Level
a - Pain                  Necr           100%         1%          1
b - Vampiric Draining     Necr           27%          1%          3
c - Agony                 Necr           55%          1%          5
d - Animate Dead          Necr           27%          1%          4
e - Animate Skeleton      Necr           100%         1%          1

Your spell library contained the following spells:

 Spells                   Type           Power        Failure   Level
 Inner Flame              Hex/Fire       5%           34%         3
 Tukima's Dance           Hex            5%           34%         3
 Bolt of Magma            Conj/Fire/Erth 2%           97%         5
 Metabolic Englaciation   Hex/Ice        2%           97%         5
 Silence                  Hex/Air        2%           97%         5


Dungeon Overview and Level Annotations

Branches:
Dungeon (1/1)

Altars:
Ashenzari
Cheibriados
Dithmenos
Elyvilon
Fedhas
Gozag
Hepliaklqana
Kikubaaqudgha
Makhleb
Nemelex Xobeh
Okawaru
Qazlal
Ru
Sif Muna
Trog
Uskayaw
Vehumet
Wu Jian
Xom
Yredelemnul
Zin
The Shining One
Beogh
Jiyva
Lugonu


Innate Abilities, Weirdness & Mutations

You have sharp toenails.
You are mostly covered in iridescent scales. (AC +4)
You regenerate health from kills.


Message History

The molten gargoyle is severely damaged.
You hit the molten gargoyle.
The molten gargoyle is almost destroyed.
The molten gargoyle blasts magma at you!
The bolt of magma misses you.
You hit the molten gargoyle but do no damage.
The molten gargoyle is almost destroyed.
The molten gargoyle misses you.
You hit the molten gargoyle but do no damage.
You claw the molten gargoyle, but do no damage.
The molten gargoyle is almost destroyed.
You are no longer berserk.
You pass out from exhaustion.
You feel yourself slow down.
The molten gargoyle hits you with a cursed -3 morningstar.
You are engulfed in flames!
The molten gargoyle hits you with a cursed -3 morningstar!
* * * LOW HITPOINT WARNING * * *
You are engulfed in flames!
You die...

#.#))#.....##.......#
#.#..###)####.......#
#.##'#†....##...<...#
#.#.......†##.......#
#(#........##.......#
#)###########.......#
#.......#..##########
#...#...#.## ###
#...#...#@# ...#
#.##.##.#9#....#
#...#...#5'...D+
#...#...#'#....#
#.......).#....#
########### ####


You could see a molten gargoyle and an ufetubus.

Vanquished Creatures
  A fire bat (D)
  Grum (D)
  A floating eye (D)
  A water moccasin (D)
  A sky beast (D)
  A centaur (D)
  A worker ant (D)
  An adder (D)
  2 ufetubi (D)
  2 leopard geckos (D)
  An orc (D)
  A goblin (D)
  A hobgoblin (D)
  A ball python (D)
  A bat (D)
  A leopard gecko skeleton (D)
  2 rats (D)
20 creatures vanquished.

Vanquished Creatures (collateral kills)
  An adder (D)
1 creature vanquished.

Grand Total: 21 creatures vanquished

Notes
Turn   | Place    | Note
-------+----------+-------------------------------------------
     0 | D        | rocky1 the Demonspawn Necromancer began the quest for the
                  | Orb.
     0 | D        | Reached XP level 1. HP: 13/13 MP: 3/3
    52 | D        | Found a bloodstained altar of Trog.
    52 | D        | Found a shimmering blue altar of Sif Muna.
    52 | D        | Found a viscous altar of Jiyva.
    52 | D        | Found a hazy altar of Hepliaklqana.
    52 | D        | Found an opulent altar of Gozag.
    85 | D        | Found a glowing golden altar of the Shining One.
    85 | D        | Found a glowing silver altar of Zin.
    85 | D        | Found a basalt altar of Yredelemnul.
    85 | D        | Found a shimmering altar of Xom.
    85 | D        | Found an ornate altar of the Wu Jian Council.
    85 | D        | Found a sacrificial altar of Ru.
    85 | D        | Found a stormy altar of Qazlal.
    85 | D        | Found an iron altar of Okawaru.
    85 | D        | Found a sparkling altar of Nemelex Xobeh.
    85 | D        | Found a burning altar of Makhleb.
    85 | D        | Found a blossoming altar of Fedhas.
    85 | D        | Found a white marble altar of Elyvilon.
    85 | D        | Found a shadowy altar of Dithmenos.
    85 | D        | Found a snail-covered altar of Cheibriados.
    88 | D        | Found a corrupted altar of Lugonu.
    88 | D        | Found a radiant altar of Vehumet.
    88 | D        | Found a roughly hewn altar of Beogh.
    89 | D        | Found an ancient bone altar of Kikubaaqudgha.
    89 | D        | Found a hide-covered altar of Uskayaw.
    89 | D        | Found a broken altar of Ashenzari.
    90 | D        | Became a worshipper of Sif Muna the Loreminder
   112 | D        | Reached skill level 6 in Necromancy
   112 | D        | Gained mutation: You are partially covered in iridescent
                  | scales. (AC +2) [demonic ancestry]
   112 | D        | Reached XP level 2. HP: 7/19 MP: 0/5
   303 | D        | Reached skill level 7 in Necromancy
   470 | D        | Reached * piety under Sif Muna
   504 | D        | Reached ** piety under Sif Muna
   505 | D        | Reached skill level 8 in Necromancy
   505 | D        | Gained mutation: You are mostly covered in iridescent
                  | scales. (AC +4) [demonic ancestry]
   505 | D        | Reached XP level 3. HP: 24/24 MP: 2/6
   544 | D        | Learned a level 3 spell: Vampiric Draining
   575 | D        | Noticed a centaur
   575 | D        | Noticed a fire bat
   575 | D        | Noticed a water moccasin
   575 | D        | Noticed a sky beast
   580 | D        | Killed a fire bat
   581 | D        | Reached skill level 12 in Necromancy
   581 | D        | Gained mutation: You regenerate a little health from kills.
                  | [demonic ancestry]
   581 | D        | Reached XP level 4. HP: 5/30 MP: 1/7
   581 | D        | Reached XP level 5. HP: 6/35 MP: 1/8
   587 | D        | Killed a water moccasin
   587 | D        | Reached *** piety under Sif Muna
   588 | D        | Gained mutation: You regenerate health from kills. [demonic
                  | ancestry]
   588 | D        | Reached XP level 6. HP: 21/41 MP: 2/11
   602 | D        | Killed a sky beast
   603 | D        | Reached skill level 13 in Necromancy
   603 | D        | Reached skill level 5 in Invocations
   608 | D        | Reached skill level 1 in Fighting
   608 | D        | Reached skill level 1 in Maces & Flails
   812 | D        | Learned a level 5 spell: Agony
   817 | D        | Learned a level 4 spell: Animate Dead
   819 | D        | Learned a level 1 spell: Animate Skeleton
   845 | D        | Reached **** piety under Sif Muna
   847 | D        | Noticed Grum
   859 | D        | Killed Grum
   860 | D        | Reached skill level 5 in Spellcasting
   860 | D        | Gained mutation: You have sharp toenails. [demonic
                  | ancestry]
   860 | D        | Reached XP level 7. HP: 14/51 MP: 9/14
  1084 | D        | Paralysed by a floating eye for 2 turns
  1090 | D        | Reached ***** piety under Sif Muna
  1090 | D        | Identified Sif Muna's Reference Book on Scorching Hexes
                  | (Sif Muna gifted it to you in the Dungeon)
  1090 | D        | Received a gift from Sif Muna
  1117 | D        | Noticed a molten gargoyle
  1138 | D        | Slain by a molten gargoyle

Illustrated notes

Levels and vault maps discovered:
D:        pitsprint [storerooms_1, entrance_room_1, metal_vault_5, armoury_1,
          mini_pit_1, grid_room_1, main_hall_1, silver_pit, the_coven_1,
          the_vestibule_1, steel_vault_5, golden_pit, hallway_of_sentries,
          crystal_vault_4, iron_vault_5, final_vault]

Skill      XL: |  1  2  3  4  5  6  7 |
---------------+----------------------+-----
Necromancy     | 6 8 12 13 | 13.6
Spellcasting   | 3 5 |  5.5
Invocations    | 4 6 7 |  7.2
Fighting       | 2 3 |  3.0
Maces & Flails | 2 |  2.6
Dodging        | 3 |  3.4
Stealth        | |  1.7

Action                   |  1- 3 |  4- 6 |  7- 9 || total
-------------------------+-------+-------+-------++-------
Melee: Mace              |    11 |    18 |    26 ||    55
       Unarmed           |     1 |       |       ||     1
       Kick              |       |       |     9 ||     9
 Cast: Pain              |    18 |    18 |       ||    36
       Vampiric Draining |       |     1 |       ||     1
       Animate Skeleton  |       |     1 |       ||     1
       Agony             |       |       |     1 ||     1
Invok: Channel Magic     |       |     1 |       ||     1
  Use: Potion            |     5 |     3 |     2 ||    10
 Stab: Invisible         |       |       |     1 ||     1
Armor: Robe              |    10 |    16 |     5 ||    31
Dodge: Dodged            |    22 |    40 |    20 ||    82

Table legend: (Time is in decaauts)
 A = Elapsed time spent in this place.
 B = Non-inter-level travel time spent in this place.
 C = Inter-level travel time spent in this place.
 D = Time resting spent in this place.
 E = Time spent auto-exploring this place.
 F = Levels seen in this place.
 G = Mean time per level.
                   A        B        C        D        E       F      G
               +--------+--------+--------+--------+--------+-----+--------+
         Total |   1162 |   1162 |      0 |    798 |      0 |   1 | 1162.0 |
       Dungeon |   1162 |   1162 |      0 |    798 |      0 |   1 | 1162.0 |
               +--------+--------+--------+--------+--------+-----+--------+

Top non-repeatable levels by time:
       D: 1162 daAuts
